 Dungeon Crawl Stone Soup version 0.21.0-3-g78d12a8 (webtiles) character file.

254 inmateoo the Ducker (level 6, -9/32 HPs)
             Began as a Vine Stalker Arcane Marksman on Jan 8, 2018.
             Mangled by an ogre
             ... wielding a +0 giant club
              (15 damage)
             ... on level 4 of the Dungeon.
             The game lasted 00:07:19 (2852 turns).

inmateoo the Ducker (Vine Stalker Arcane Marksman)  Turns: 2852, Time: 00:07:20

Health: -9/32      AC:  8    Str: 13    XL:     6   Next: 14%
Magic:  0/8        EV: 17    Int: 13    God:
Gold:   139        SH:  0    Dex: 21    Spells: 6/7 levels left

rFire    . . .     SeeInvis +   l - +2 short sword (freeze)
rCold    . . .     Gourm    .   (no shield)
rNeg     . . .     Faith    .   k - +0 ring mail
rPois    .         Spirit   +   (no helmet)
rElec    .         Reflect  .   (no cloak)
rCorr    .         Harm     .   g - +0 pair of gloves
MR       .....                  (no boots)
Stlth    ++........             (no amulet)
HPRegen  0.50/turn              (no ring)
MPRegen  0.11/turn              (no ring)

@: agile
A: fangs 2, yellow scales 1, see invisible, regeneration 1, magic shield,
antimagic bite, no potion heal 3, rot immunity
a: no special abilities


You were on level 4 of the Dungeon.
You were very hungry.

You visited 1 branch of the dungeon, and saw 4 of its levels.

You collected 139 gold pieces.

Inventory:

Hand Weapons
 l - a +2 short sword of freezing (weapon)
Missiles
 c - 4 javelins (quivered)
Armour
 e - a +0 buckler
 g - a +0 pair of gloves (worn)
 k - a +0 ring mail (worn)
Scrolls
 m - a scroll of identify
Potions
 d - a potion of agility
 h - 2 potions of flight
 i - a potion of haste
Books
 b - a book of Debilitation

   Spells                             Type                      Level
   a - Corona                         Hexes                        1
   b - Slow                           Hexes                        2
   c - Inner Flame                    Hexes/Fire                   3
   d - Portal Projectile              Hexes/Translocation          3
   e - Cause Fear                     Hexes                        4
   f - Leda's Liquefaction            Hexes/Earth                  4
Comestibles
 f - 7 rations


   Skills:
 + Level 3.3 Fighting
 * Level 1.8 Short Blades
 - Level 1.7 Throwing
 + Level 1.0 Armour
 + Level 3.3 Dodging
 - Level 1.1 Spellcasting
 - Level 3.0 Hexes


You had 6 spell levels left.
You knew the following spells:

 Your Spells              Type           Power        Failure   Level  Hunger
a - Corona                Hex            #......      17%         1    ##.....


Dungeon Overview and Level Annotations

Branches:
Dungeon (4/15)
 Temple: D:4-7

Altars:
Gozag
Okawaru


Innate Abilities, Weirdness & Mutations

You have extremely sharp teeth.
Your natural rate of healing is unusually fast.
When hurt, damage is shared between your health and your magic reserves.
Your bite disrupts and absorbs the magic of your enemies.
Potions cannot restore your health.
You are immune to rotting.
You are partially covered in yellow scales. (AC +2)
You have supernaturally acute eyesight. (SInv)


Message History

You hit the hound skeleton.
The hound skeleton is severely damaged.
You feel sick.
You are no longer poisoned.
The hound skeleton barely misses you.
You puncture the hound skeleton! Your bite misses the hound skeleton.
The hound skeleton is almost destroyed.
The hound skeleton closely misses you.
The hound skeleton bites you but does no damage.
You hit the hound skeleton.
You destroy the hound skeleton!
Your Armour skill increases to level 1!
You hit the ogre. You freeze the ogre. You bite the ogre. You drain its power.
The ogre is moderately wounded.
The ogre hits you with a giant club!
* * * LOW HITPOINT WARNING * * *
You puncture the ogre! You freeze the ogre.
The ogre is severely wounded.
The ogre hits you with a giant club!!
You die...

## .. ###
##. #@# ..
#O# #. #.#
. #. #.##
... #.
#..####....
#.
#........#
#.
###..#..##
#. ##.# .
#. . #.# #.


You could see an ogre.

Vanquished Creatures
  The ghost of Monsterracer the Chopper, an amateur HOWr of Beogh (D:3)
  An orc wizard (D:3)
  A hound skeleton (D:4)
  5 adders
  2 dart slugs
  2 leopard geckos
  5 orcs
  6 bats
  A giant cockroach (D:3)
  4 goblins
  14 hobgoblins
  5 jackals
  10 kobolds
  2 quokkas
  A ball python (D:1)
  5 frilled lizards
  5 rats
70 creatures vanquished.

Notes
Turn   | Place    | Note
-------+----------+-------------------------------------------
     0 | D:1      | inmateoo the Vine Stalker Arcane Marksman began the quest for the Orb.
     0 | D:1      | Reached XP level 1. HP: 9/9 MP: 3/3
    21 | D:1      | Reached skill level 1 in Fighting
   162 | D:1      | Reached XP level 2. HP: 14/14 MP: 4/4
   592 | D:1      | Reached XP level 3. HP: 18/18 MP: 5/5
   668 | D:1      | You fall through a shaft!
   668 | D:2      | Found an opulent altar of Gozag.
  1633 | D:2      | Found an iron altar of Okawaru.
  1640 | D:2      | Gained mutation: Your natural rate of healing is unusually fast. [Vine Stalker growth]
  1640 | D:2      | Reached XP level 4. HP: 23/23 MP: 6/6
  1945 | D:3      | Reached XP level 5. HP: 27/28 MP: 7/7
  2117 | D:3      | Noticed Monsterracer's ghost (amateur HOWr)
  2147 | D:3      | Killed Monsterracer's ghost
  2147 | D:3      | Reached skill level 1 in Short Blades
  2644 | D:4      | Noticed an ogre
  2662 | D:3      | Reached XP level 6. HP: 29/32 MP: 6/8
  2796 | D:4      | Gained mutation: You are partially covered in yellow scales. (AC +2) [potion of mutation]
  2796 | D:4      | Gained mutation: You have supernaturally acute eyesight. (SInv) [potion of mutation]
  2850 | D:4      | Reached skill level 1 in Armour
  2852 | D:4      | Mangled by an ogre

Skill      XL: |  1  2  3  4  5  6 |
---------------+-------------------+-----
Fighting       | 1 2 3 |  3.3
Dodging        | 2 3 |  3.3
Short Blades   | 1 |  1.8
Armour         | 1 |  1.0
Throwing       | |  1.7
Spellcasting   | |  1.1
Hexes          | |  3.0

Action                   |  1- 3 |  4- 6 || total
-------------------------+-------+-------++-------
Melee: Unarmed           |    15 |       ||    15
       Bite              |    31 |    24 ||    55
       Spear             |   124 |    11 ||   135
       Short sword       |       |   105 ||   105
Throw: Javelin           |    15 |     2 ||    17
       Throwing net      |     2 |     1 ||     3
  Use: Scroll            |     7 |     5 ||    12
       Potion            |       |     2 ||     2
 Stab: Held in net/web   |     1 |       ||     1
  Eat: Chunk             |     1 |     1 ||     2
       Ration            |     1 |       ||     1
Armor: Robe              |     5 |       ||     5
       Ring mail         |    22 |    55 ||    77
Dodge: Dodged            |    97 |   101 ||   198
